 Dungeon Crawl Stone Soup version 0.21.1-1-g345015f (webtiles) character file.

67 raistware the Conjurer (level 3, 0/24 HPs)
             Began as a Mummy Conjurer on Mar 31, 2018.
             Killed from afar by an orc wizard (6 damage)
             ... with a magic dart
             ... on level 2 of the Dungeon.
             The game lasted 00:07:33 (1941 turns).

raistware the Conjurer (Mummy Conjurer)             Turns: 1941, Time: 00:07:33

Health: 0/24       AC:  3    Str: 11    XL:     3   Next: 98%
Magic:  5/7        EV: 12    Int: 15    God:    Xom [.....*]
Gold:   94         SH:  0    Dex: 12    Spells: 5/8 levels left

rFire    x . .     SeeInvis .   e - +1 short sword (venom)
rCold    + . .     Gourm    .   (no shield)
rNeg     + + +     Faith    .   a - +0 robe
rPois    ∞         Spirit   .   (no helmet)
rElec    .         Reflect  .   (no cloak)
rCorr    .         Harm     .   (no gloves)
MR       .....                  f - +0 pair of boots
Stlth    ++........             (no amulet)
HPRegen  0.08/turn              (no ring)
MPRegen  0.10/turn              (no ring)

@: no status effects
A: no food or potions, fire vulnerability, cold resistance 1, negative energy
resistance 3, torment resistance, unbreathing
a: Renounce Religion


You were on level 2 of the Dungeon.
You worshipped Xom.
You were Xom's teddy bear.
You were not hungry.

You visited 1 branch of the dungeon, and saw 2 of its levels.

You collected 94 gold pieces.

Inventory:

Hand Weapons
 e - a +1 short sword of venom (weapon)
Armour
 a - a +0 robe (worn)
 f - a +0 pair of boots (worn)
Scrolls
 c - 2 scrolls of remove curse {unknown}
 d - 2 scrolls of identify {unknown}
Books
 b - a book of Conjurations

   Spells                             Type                      Level
   a - Magic Dart                     Conjuration                  1
   b - Searing Ray                    Conjuration                  2
   c - Dazzling Spray                 Conjuration/Hexes            3
   d - Fulminant Prism                Conjuration/Hexes            4
   e - Force Lance                    Conjuration/Translocation    4
   f - Iskenderun's Mystic Blast      Conjuration                  4


   Skills:
 - Level 1.5 Dodging
 - Level 1.5 Stealth
 + Level 3.2 Spellcasting
 * Level 4.4 Conjurations


You had 5 spell levels left.
You knew the following spells:

 Your Spells              Type           Power        Failure   Level  Hunger
a - Magic Dart            Conj           ###.         3%          1    N/A
b - Searing Ray           Conj           ###...       4%          2    N/A

Dungeon Overview and Level Annotations

Branches:
Dungeon (2/15)

Altars:
Xom


Innate Abilities, Weirdness & Mutations

You do not eat or drink.
Your flesh is vulnerable to fire.
You are immune to poison.
Your flesh is cold resistant. (rC+)
You are immune to negative energy. (rN+++)
You are immune to unholy pain and torment.
You can survive without breathing.


Message History

You bump into the rock wall.
You kill the orc!
Something hits you.
You miss something.
You feel less confused.
You hear some strange, mumbled words.
Something tries to affect you, but you resist.
You closely miss something. Something hits you but does no damage.
You miss something.
You are now Xom's teddy bear.
Something hits you but does no damage.
You puncture something! Something hits you.
* * * LOW HITPOINT WARNING * * *
Okay, then.
You closely miss something.
You hear some strange, mumbled words.
A magic dart appears from out of thin air!
The magic dart hits you!
You die... "Huh?
Did I miss anything?"

.#$....o....o.o..................
.#⌠.oo...o....####....####..#....
.# .......# #o...####..#.... .#
......# #..........##... .##
.....# #o.##.##...#####
..#########...# #..##.##...#####
#.............# #..##..#........
..............####........%.#####
######.........)@{)..............
.# #.#####.######.###........#.
.# #.# #.....##.##.......#..<
.#####.#########.##.##......!#...
.............#....#.##.......#...
.........###...#..#.##.......#...
.........#######..#.##.......#...
..................# #.......#...
.........########.# #.....>.#)..


There were no monsters in sight!

Vanquished Creatures
  2 adders (D:2)
  An ooze (D:1)
  A worm (D:2)
  2 leopard geckos (D:1)
  2 orcs (D:2)
  2 bats (D:1)
  2 goblins (D:2)
  5 hobgoblins
  6 jackals
  A quokka (D:2)
  3 frilled lizards
  5 kobolds (D:1)
  3 rats (D:1)
35 creatures vanquished.

Notes
Turn   | Place    | Note
-------+----------+-------------------------------------------
     0 | D:1      | raistware the Mummy Conjurer began the quest for the Orb.
     0 | D:1      | Reached XP level 1. HP: 13/13 MP: 4/4
     1 | D:1      | Noticed an electric eel
   185 | D:1      | Reached XP level 2. HP: 19/19 MP: 1/5
  1017 | D:1      | Learned a level 2 spell: Searing Ray
  1086 | D:1      | Reached skill level 4 in Conjurations
  1341 | D:2      | Reached XP level 3. HP: 24/24 MP: 1/7
  1353 | D:2      | Found a faded altar of an unknown god.
  1405 | D:2      | Became a worshipper of Xom of Many Doors
  1509 | D:2      | XOM: divination: detect items
  1513 | D:2      | XOM: harmless Fire miscast
  1582 | D:2      | XOM: harmless Tloc miscast
  1656 | D:2      | XOM: summons 1 hostile demon
  1665 | D:2      | XOM: medium Summ miscast
  1666 | D:2      | Noticed an ice devil
  1941 | D:2      | Killed from afar by an orc wizard

Skill      XL: |  1  2  3 |
---------------+----------+-----
Conjurations   | 4 |  4.4
Spellcasting   | 3 |  3.2
Dodging        | |  1.5
Stealth        | |  1.5

Action                   || total
-------------------------++-------
Melee: Short sword       ||    32
 Cast: Magic Dart        ||    81
 Stab: Sleeping          ||     1
Armor: Robe              ||    15
Dodge: Dodged            ||    21
